 Dungeon Crawl Stone Soup version 0.26.1-11-gd32895ea62 (webtiles) character file.

Game seed: 8551362599665696699

698 Zeld the Chucker (level 7, -6/45 HPs)
             Began as an Octopode Brigand on May 14, 2021.
             Was an Initiate of Fedhas.
             Killed by divine providence
             ... invoked by an orc priest
              (13 damage)
             ... on level 4 of the Dungeon.
             The game lasted 00:08:15 (6303 turns).

Zeld the Chucker (Octopode Brigand)                 Turns: 6303, Time: 00:08:16

Health: -6/45      AC:  1    Str: 12    XL:     7   Next: 65%
Magic:  13/13      EV: 13    Int: 13    God:    Fedhas [......]
Gold:   267        SH:  0    Dex: 14    Spells: 14/14 levels left

rFire    . . .     SeeInvis .   y - +2 dagger (freeze)
rCold    . . .     Faith    .   (no shield)
rNeg     . . .     Spirit   .   (helmet restricted)
rPois    .         Reflect  .   (no amulet)
rElec    .         Harm     .   (no ring)
rCorr    .         Rampage  .   (no ring)
Will     .....                  (no ring)
Stlth    ++++......             (no ring)
HPRegen  0.15/turn              (no ring)
MPRegen  0.13/turn              (no ring)
                                (no ring)
                                (no ring)

@: no status effects
A: almost no armour, stealthy swim, amphibious, 8 rings, constrict 8, camouflage
1, gelatinous body 1
a: Renounce Religion


You were on level 4 of the Dungeon.
You worshipped Fedhas.
Fedhas was noncommittal.
You visited 1 branch of the dungeon, and saw 4 of its levels.
You also visited: Ossuary.

You collected 267 gold pieces.

Inventory:

Hand Weapons
 a - a +2 dagger
 y - a +2 dagger of freezing (weapon)
Missiles
 b - 18 poisoned darts (quivered)
 c - 2 curare-tipped darts
Jewellery
 n - an uncursed amulet of regeneration {unknown}
 w - an uncursed ring of magical power {unknown}
Wands
 o - a wand of iceblast (4)
Scrolls
 d - 2 scrolls of remove curse {unknown}
 e - 2 scrolls of amnesia {unknown}
 f - 10 scrolls of identify {unknown}
 h - a scroll of enchant weapon {unknown}
 j - 4 scrolls of enchant armour {unknown}
 l - a scroll of fog {unknown}
 t - a scroll of fear {unknown}
 u - 2 scrolls of teleportation {unknown}
 v - a scroll of noise {unknown}
 x - a scroll of random uselessness {unknown}
Potions
 g - a potion of flight {unknown}
 i - a potion of attraction {unknown}
 k - 2 potions of curing
 m - 2 potions of haste {unknown}
 p - a potion of degeneration {unknown}
 q - 3 potions of resistance {unknown}
 r - 3 potions of ambrosia {unknown}
 s - a potion of brilliance {unknown}


   Skills:
 - Level 2.0 Fighting
 * Level 3.7 Short Blades
 - Level 6.0 Throwing
 - Level 1.0 Dodging
 - Level 5.3 Stealth
 + Level 4.2 Spellcasting


You had 14 spell levels left.
You didn't know any spells.
Your spell library was empty.

Dungeon Overview and Level Annotations

Branches:
Dungeon (4/15)            Ossuary (visited)
 Temple: D:4-7

Altars:
Fedhas


Innate Abilities, Weirdness & Mutations

You cannot wear most types of armour.
You are very stealthy in the water. (Stealth+)
You are amphibious.
You can wear up to eight rings at the same time.
You can use your tentacles to constrict eight enemies at once.
Your skin changes colour to match your surroundings (Stealth+).
Your rubbery body absorbs attacks. (AC +1, EV +1)


Message History

HP restored.
You start waiting.
Done waiting.
You start waiting.
The orc priest shouts!
You hear a shout!
The orc priest mumbles some strange prayers to Beogh against you.
Beogh smites you!
The orc priest looks braver for a moment.
The orc priest mumbles some strange prayers to Beogh against you.
Beogh smites you!
You are too injured to fight recklessly!
You are too injured to fight recklessly!
The orc priest mumbles some strange prayers to Beogh against you.
Beogh smites you!
* * * LOW HITPOINT WARNING * * *
You see here a +0 robe.
The orc priest invokes the aid of Beogh against you.
Beogh smites you!
You die...
Fedhas appreciates your contribution to the ecosystem.

########### ############
#.........# ##...o......##
#.........# ##............#
#.........#######.....!........
#.........#...................o
#..............................
#.........#....................
###.........#..............[.....
............#...@..[...o.........
..............#######..........#.
..................# ##.##.#####..
.............####.####.##.#
..#...........###.........#
............#[..#......#.....#
###........<#...##.....#...###
#.........#...##.....#.......
#####.........##....##.##...##


You could see an orc priest.

Vanquished Creatures
  An ogre (D:4)
  A bullfrog (D:2)
  A scorpion (D:4)
  2 water moccasin zombies (Ossuary)
  A hound (D:4)
  2 worker ants (D:4)
  An orc wizard (D:4)
  3 big kobold zombies (Ossuary)
  2 mummies (Ossuary)
  9 adders
  4 oozes
  3 adder zombies (Ossuary)
  3 dart slugs
  3 leopard geckos
  2 orcs (D:3)
  A ball python (D:3)
  3 giant cockroaches
  2 gnoll zombies (Ossuary)
  11 goblins
  8 hobgoblins
  9 jackals
  6 kobolds
  A quokka (D:2)
  9 bats
  5 frilled lizards
  9 hobgoblin zombies (Ossuary)
  4 kobold zombies (Ossuary)
  6 orc zombies (Ossuary)
  9 rats
121 creatures vanquished.

Notes
Turn   | Place    | Note
-------+----------+-------------------------------------------
     0 | D:1      | Zeld the Octopode Brigand began the quest for the Orb.
     0 | D:1      | Reached XP level 1. HP: 14/14 MP: 1/1
   301 | D:1      | Reached XP level 2. HP: 17/19 MP: 2/2
   411 | D:1      | Reached skill level 1 in Spellcasting
   443 | D:1      | Reached skill level 3 in Throwing
   443 | D:1      | Reached XP level 3. HP: 17/24 MP: 4/4
  1233 | D:2      | Noticed a bullfrog
  1235 | D:2      | Killed a bullfrog
  1236 | D:2      | Reached skill level 4 in Throwing
  1236 | D:2      | Reached XP level 4. HP: 29/29 MP: 5/7
  1315 | D:2      | Reached XP level 5. HP: 23/34 MP: 8/8
  2358 | D:3      | You fall into a shaft and drop 1 floor!
  2381 | D:4      | Reached skill level 5 in Throwing
  2381 | D:4      | Reached XP level 6. HP: 27/39 MP: 8/10
  2422 | D:4      | Found a sand-covered staircase.
  2427 | Ossuary  | Entered an ossuary
  3715 | Ossuary  | Reached skill level 6 in Throwing
  3799 | Ossuary  | Reached XP level 7. HP: 40/45 MP: 12/12
  3992 | D:3      | Found a blossoming altar of Fedhas.
  4044 | D:3      | Became a worshipper of Fedhas Madash
  6303 | D:4      | Killed from afar by an orc priest

Illustrated notes

Levels and vault maps discovered:
D:1:      sevenhm_arrival_forest_fort_small_6, layout_rooms, dk_noncrumbling_4,
          minmay_pentomino_q2
D:2:      minmay_recursive_quarters, layout_basic
D:3:      layout_basic, marbit_many_paths
D:4:      layout_rooms, nicolae_ossuary_entry_plus

Skill      XL: |  1  2  3  4  5  6  7 |
---------------+----------------------+-----
Spellcasting   | 1 2 3 4 |  4.2
Throwing       | 3 4 5 6 |  6.0
Short Blades   | 3 |  3.7
Fighting       | |  2.0
Dodging        | |  1.0
Stealth        | |  5.3

Action                   |  1- 3 |  4- 6 |  7- 9 || total
-------------------------+-------+-------+-------++-------
Melee: Dagger            |    52 |   183 |    70 ||   305
       Constrict         |    16 |    46 |    11 ||    73
       Tentacles         |     6 |    33 |    17 ||    56
Throw: Dart              |       |       |     6 ||     6
  Use: Potion            |       |       |     1 ||     1
 Stab: Sleeping          |     8 |    14 |     9 ||    31
       Distracted        |       |     1 |       ||     1
Armor: Skin              |     5 |    18 |     2 ||    25
Dodge: Dodged            |    22 |   112 |    28 ||   162
